 Dungeon Crawl Stone Soup version 0.20.1-1-g8b1a95d (webtiles) character file.

116 vishdafish the Covered (level 5, -11/33 HPs)
             Began as a Gargoyle Fighter on July 5, 2017.
             Killed from afar by a starcursed mass (12 damage)
             ... with an accursed screaming
             ... on level 1 of the Abyss.
             The game lasted 00:03:44 (1809 turns).

vishdafish the Covered (Gargoyle Fighter)           Turns: 1809, Time: 00:03:45

Health: -11/33     AC: 11    Str: 21    XL:     5   Next: 1%
Magic:  5/5        EV:  7    Int:  8    God:
Gold:   159        SH: 10    Dex: 14    Spells: 4/4 levels left

rFire    . . .     SeeInvis .   a - +0 trident
rCold    . . .     Gourm    .   c - +0 shield
rNeg     + . .     Faith    .   b - +0 scale mail
rPois    ∞         Spirit   .   (no helmet)
rElec    +         Reflect  .   (no cloak)
rCorr    .         Harm     +   (no gloves)
MR       .....                  (no boots)
Stlth    ..........             y - amulet of harm
Regen    0.2/turn               o - +5 ring of dexterity
MPRegen  0.1/turn               (no ring)

@: no status effects
A: negative energy resistance 1, electricity resistance, unbreathing,
petrification resistance, rot immunity, AC +4
a: no special abilities


You were on level 1 of the Abyss.
You were not hungry.

You visited 1 branch of the dungeon, and saw 3 of its levels.
You visited the Abyss 1 time.

You collected 159 gold pieces.

Inventory:

Hand Weapons
 a - a +0 trident (weapon)
Armour
 b - a +0 scale mail (worn)
 c - a +0 shield (worn)
 z - a +1 cloak of magic resistance
Jewellery
 o - a +5 ring of dexterity (left hand)
 y - an amulet of harm (around neck)
Wands
 u - a wand of flame (23/48)
Scrolls
 e - a scroll of amnesia {unknown}
 i - 6 scrolls of identify {unknown}
 m - 2 scrolls of enchant armour {unknown}
 n - a scroll of fog {unknown}
 p - 4 scrolls of remove curse {unknown}
 r - a scroll of immolation {unknown}
Potions
 d - 3 potions of might
 g - a potion of degeneration {unknown}
 j - a potion of mutation {unknown}
 l - a potion of lignification {unknown}
 q - a potion of flight {unknown}
 s - a potion of ambrosia {unknown}
 t - a potion of resistance {unknown}
 v - a potion of agility {unknown}
 w - a potion of haste {unknown}
Miscellaneous
 x - a phial of floods
Comestibles
 f - a bread ration
 h - 3 meat rations
 k - 2 fruits


   Skills:
 + Level 3.7 Fighting
 + Level 3.0 Polearms
 + Level 4.1 Armour
 + Level 0.2 Dodging
 + Level 4.1 Shields


You had 4 spell levels left.
You didn't know any spells.

Dungeon Overview and Level Annotations

Branches:
Dungeon (3/15)

Altars:
Elyvilon
Nemelex Xobeh
Xom
Zin
Lugonu


Innate Abilities, Weirdness & Mutations

You are resistant to torment.
Your stone body is resilient. (AC +4)
You are immune to poison.
You resist negative energy. (rN+)
You are resistant to electric shocks. (rElec)
You can survive without breathing.
You are immune to petrification.
You are immune to rotting.


Message History

z - a glowing cloak Put on which piece of jewellery? (? for menu, Esc to quit)
That's the wrong kind of item! (Use * to select it.) Put on which piece of jewellery? (? for menu, Esc to quit)
You don't have any such object.
Put on which piece of jewellery? (? for menu, Esc to quit)
That's the wrong kind of item! (Use * to select it.) Put on which piece of jewellery? (? for menu, Esc to quit)
Okay, then.
A chorus of shrieks assaults your mind. A chorus of shrieks assaults your mind.
A starcursed mass splits.
A chorus of shrieks assaults your mind.
* * * LOW HITPOINT WARNING * * *
A starcursed mass splits.
A chorus of shrieks assaults your mind.
* * * LOW HITPOINT WARNING * * *
A starcursed mass splits.
A chorus of shrieks assaults your mind.
You die...

#..#..#..##.X...#
.
#...#....#XX...##.
.#
....#..#.X....∩.#
.
##.....#..........
##.##....#....#...
. #.#.........#..
....
#...#..#..#.##...#
..
##.##.#.##.....##
#..@.#.# ##∩# #
#...#.#..## .#
....# ..#..# # #
.#. ....### ##.#..
...#.# ..#. ## .
##


You could see 3 starcursed masses.

Vanquished Creatures
  Terence (D:2)
  A shadow imp (D:3)
  3 oozes
  A worm (D:3)
  2 dart slugs (D:1)
  2 leopard geckos
  5 orcs (D:3)
  6 giant cockroaches
  8 goblins
  2 hobgoblins (D:2)
  6 kobolds
  2 ball pythons
  5 bats
  4 frilled lizards
  7 rats
55 creatures vanquished.

Notes
Turn   | Place    | Note
-------+----------+-------------------------------------------
     0 | D:1      | vishdafish the Gargoyle Fighter began the quest for the Orb.
     0 | D:1      | Reached XP level 1. HP: 14/14 MP: 1/1
    34 | D:1      | Reached XP level 2. HP: 19/19 MP: 2/2
   149 | D:1      | Found a shimmering altar of Xom.
   278 | D:1      | Reached XP level 3. HP: 20/23 MP: 3/3
   525 | D:2      | Found a glowing silver altar of Zin.
   591 | D:2      | Found a white marble altar of Elyvilon.
   838 | D:2      | Noticed Terence
   847 | D:2      | Killed Terence
   847 | D:2      | Reached XP level 4. HP: 15/28 MP: 4/4
  1199 | D:3      | Found a sparkling altar of Nemelex Xobeh.
  1246 | D:3      | Found a faded altar of an unknown god.
  1273 | D:3      | Became a worshipper of Lugonu the Unformed
  1273 | D:3      | Reached * piety under Lugonu
  1273 | D:3      | Reached ** piety under Lugonu
  1323 | D:3      | Fell from the grace of Lugonu
  1657 | D:3      | Reached XP level 5. HP: 33/33 MP: 5/5
  1757 | D:3      | Noticed an ancient zyme
  1757 | D:3      | Cast into level 1 of the Abyss (Lugonu's touch)
  1786 | Abyss:1  | Noticed a starcursed mass
  1808 | Abyss:1  | HP: 1/33 [starcursed mass/accursed screaming (8)]
  1809 | Abyss:1  | Killed from afar by a starcursed mass

Skill      XL: |  1  2  3  4 |
---------------+-------------+-----
Polearms       | 2 3 |  3.0
Armour         | 4 |  4.1
Shields        | 4 |  4.1
Fighting       | |  3.7
Dodging        | |  0.2

Action                   |  1- 3 |  4- 6 || total
-------------------------+-------+-------++-------
Melee: Trident           |   125 |    84 ||   209
Invok: Renounce Religion |       |     1 ||     1
  Eat: Chunk             |       |     2 ||     2
       Bread ration      |       |     1 ||     1
Armor: Scale mail        |    40 |    40 ||    80
Dodge: Dodged            |    25 |    34 ||    59
Block: Shield            |    58 |    37 ||    95
